 Dungeon Crawl Stone Soup version 0.21.1-1-g345015f (webtiles) character file.

20 Amnesiac the Grave Robber (level 2, 0/19 HPs)
             Began as a Mummy Necromancer on Mar 13, 2018.
             Slain by an adder (3 damage)
             ... on level 2 of the Dungeon.
             The game lasted 00:00:53 (704 turns).

Amnesiac the Grave Robber (Mummy Necromancer)        Turns: 704, Time: 00:00:54

Health: 0/19       AC:  2    Str: 11    XL:     2   Next: 58%
Magic:  0/6        EV: 12    Int: 14    God:
Gold:   22         SH:  0    Dex: 12    Spells: 6/7 levels left

rFire    x . .     SeeInvis .   (no weapon)
rCold    + . .     Gourm    .   (no shield)
rNeg     + + +     Faith    .   a - +0 robe
rPois    ∞         Spirit   .   (no helmet)
rElec    .         Reflect  .   (no cloak)
rCorr    .         Harm     .   (no gloves)
MR       .....                  (no boots)
Stlth    ++........             (no amulet)
HPRegen  0.06/turn              (no ring)
MPRegen  0.10/turn              (no ring)

@: very slightly contaminated
A: no food or potions, fire vulnerability, cold resistance 1, negative energy
resistance 3, torment resistance, unbreathing
a: no special abilities


You were on level 2 of the Dungeon.
You were not hungry.

You visited 1 branch of the dungeon, and saw 2 of its levels.

You collected 22 gold pieces.

Inventory:

Armour
 a - a +0 robe (worn)
 g - a +0 helmet
Jewellery
 h - a cursed amulet of inaccuracy {unknown}
Scrolls
 d - 2 scrolls of remove curse {!r}
 i - 2 scrolls of magic mapping {!r}
Books
 b - a book of Necromancy

   Spells                             Type                      Level
   a - Pain                           Necromancy                   1
   b - Animate Skeleton               Necromancy                   1
   c - Vampiric Draining              Necromancy                   3
   d - Regeneration                   Charms/Necromancy            3
   e - Animate Dead                   Necromancy                   4
   f - Borgnjor's Vile Clutch         Necromancy/Earth             5


   Skills:
 - Level 1.5 Dodging
 - Level 1.5 Stealth
 + Level 3.2 Spellcasting
 * Level 4.5 Necromancy


You had 6 spell levels left.
You knew the following spells:

 Your Spells              Type           Power        Failure   Level  Hunger
a - Pain                  Necr           ###.         3%          1    N/A

Dungeon Overview and Level Annotations

Branches:
Dungeon (2/15)

Altars:


Innate Abilities, Weirdness & Mutations

You do not eat or drink.
Your flesh is vulnerable to fire.
You are immune to poison.
Your flesh is cold resistant. (rC+)
You are immune to negative energy. (rN+++)
You are immune to unholy pain and torment.
You can survive without breathing.


Message History

The adder bites you.
* * * LOW HITPOINT WARNING * * *
Really read
e - a scroll labeled ROVVESCH YLIT {!r}?
As you read the scroll labeled ROVVESCH YLIT {!r}, it crumbles to dust.
It is a scroll of identify.
d - 2 scrolls of remove curse {!r} The giant cockroach barely misses you.
The adder closely misses you.
The giant cockroach bites you but does no damage.
Really read
c - a scroll labeled EMIETE NIXOI {!r}?
Blink to where?
Press: ? - help, Dir - move target cursor, p - adder You are very lightly contaminated with residual magic.
As you read the scroll labeled EMIETE NIXOI {!r}, it crumbles to dust.
It was a scroll of blinking {!r}.
A rat comes into view.
An adder comes into view.
The adder hisses angrily.
Casting: Pain
Confirm with . or Enter, or press ? or * to list all spells.
You don't have enough magic to cast that spell.
The giant cockroach waves its antennae.
The giant cockroach misses you.
The giant cockroach completely misses you.
The rat bites you but does no damage.
The rat twitches its whiskers.
The rat barely misses you.
The giant cockroach waves its antennae.
The giant cockroach barely misses you.
Found 20 arrows.
Casting: Pain
Confirm with . or Enter, or press ? or * to list all spells.
Aiming: Pain
Press: ? - help, Shift-Dir - straight line, f - adder
Aim: an adder (moderately wounded, chance to defeat MR: 79%)
The adder barely resists.
Unknown command.
Casting: Pain
Confirm with . or Enter, or press ? or * to list all spells.
Aiming: Pain
Press: ? - help, Shift-Dir - straight line, f/p - adder
Aim: an adder (moderately wounded, chance to defeat MR: 79%)
The adder writhes in agony!
Unknown command.
Casting: Pain
Confirm with . or Enter, or press ? or * to list all spells.
Aiming: Pain
Press: ? - help, Shift-Dir - straight line, f/p - adder
Aim: an adder (severely wounded, chance to defeat MR: 79%)
The adder writhes in agony!
The adder barely misses you.
Unknown command.
The adder bites you.
* * * LOW HITPOINT WARNING * * *
The adder bites you but does no damage. The adder barely misses you.
Found a hand axe.
Casting: Pain
Confirm with . or Enter, or press ? or * to list all spells.
Aiming: Pain
Press: ? - help, Shift-Dir - straight line, f/p - adder
Aim: an adder (almost dead, chance to defeat MR: 79%)
The adder writhes in agony!
You kill the adder!
The adder bites you.
You die...

*## #####.# #..S@.# ##.##.#
#.#*.# #.#*.# ##### #.#*)#***
###...########r##.#,,************
.....r.w.r.......(#,,,,,,,,,,,,,,
###..s#########...#*,******,,,,,,
..'.......,,,,,......,,>***,,,,,,


You could see an adder.

Vanquished Creatures
  An adder (D:2)
  A giant cockroach (D:1)
  4 goblins (D:1)
  A hobgoblin (D:1)
  A bat (D:1)
  2 frilled lizards (D:1)
  2 rats (D:1)
12 creatures vanquished.

Notes
Turn   | Place    | Note
-------+----------+-------------------------------------------
     0 | D:1      | Amnesiac the Mummy Necromancer began the quest for the Orb.
     0 | D:1      | Reached XP level 1. HP: 13/13 MP: 4/4
   284 | D:1      | Reached XP level 2. HP: 19/19 MP: 3/6
   704 | D:2      | Slain by an adder

Skill      XL: |  1 |
---------------+----+-----
Spellcasting   | 3 |  3.2
Dodging        | |  1.5
Stealth        | |  1.5
Necromancy     | |  4.5

Action                   || total
-------------------------++-------
Melee: Unarmed           ||     2
 Cast: Pain              ||    31
  Use: Scroll            ||     4
Armor: Robe              ||     6
Dodge: Dodged            ||    20
